 Dungeon Crawl Stone Soup version 0.17-a0-1-g1f4be75 (webtiles) character file.

3200 McCoppin the Carver (level 9, -5/96 HPs)
             Began as a Demonspawn Chaos Knight on Mar 5, 2015.
             Slain by a slave (9 damage)
             ... led by Pikel
             ... on level 9 of the Dungeon.
             The game lasted 00:33:06 (7348 turns).

McCoppin the Carver (Demonspawn Chaos Knight)       Turns: 7348, Time: 00:33:06

Health: -5/96      AC:  8    Str: 19      XL:     9   Next: 64%
Magic:  9/9        EV:  7    Int: 13 (14) God:    Xom [....*.]
Gold:   33         SH:  0    Dex: 14 (15) Spells: 0 memorised, 8 levels left

rFire  + . .     SeeInvis .     a - melded +1 falchion (chaos)
rCold  . . .     Clarity  +     J - melded +6 scale mail of Fashionability {Dex+4}
rNeg   + . .     SustAb   .     C - melded +0 buckler
rPois  +         Gourm    .     (helmet unavailable)
rElec  .         Spirit   .     v - melded +1 cloak
rCorr  .         Warding  +     (gloves currently unavailable)
rMut   .         Stasis   .     (boots currently unavailable)
MR     .....                    Q - amulet of warding
Stlth  ++........               E - ring of protection from fire
                                L - ring of stealth

@: hydra-form, not resistant to hostile enchantments, unstealthy
A: (horns 0), (iridescent scales 0), blurry vision 1, clarity, deterioration 1,
(shaggy fur 0), weak 1
a: Renounce Religion


You were on level 9 of the Dungeon.
You worshipped Xom.
You were a beloved toy of Xom.
You were not hungry.
You were a 6-headed hydra.
You visited 1 branch of the dungeon, and saw 9 of its levels.

You collected 469 gold pieces.
You spent 436 gold pieces at shops.

Inventory:

Hand weapons
 a - a +1 falchion of chaos (melded)
 i - a +0 blowgun
 I - a +0 shortbow
Missiles
 o - 4 curare-tipped needles
 t - 40 poisoned needles
Armour
 b - a +2 leather armour
 q - a +0 scale mail
 v - a +1 cloak (melded)
 B - a +0 chain mail
 C - a +0 buckler (melded)
 J - the +6 scale mail of Fashionability (melded) {Dex+4}
   (You bought it in a shop on level 7 of the Dungeon)

   It affects your dexterity (+4).
Jewellery
 m - an uncursed amulet of regeneration
 r - an uncursed ring of ice
 y - an uncursed ring of protection from magic
 z - an uncursed ring of wizardry
 E - a ring of protection from fire (right foreclaw)
 L - a ring of stealth (left foreclaw)
 P - an uncursed amulet of stasis
 Q - an amulet of warding (around neck)
Magical devices
 x - a wand of flame (35)
 G - a wand of frost (17)
 N - a wand of lightning (6)
Scrolls
 e - a scroll of noise
 h - a scroll of random uselessness
 j - 11 scrolls of identify
 l - a scroll of fog
 n - 6 scrolls of remove curse
 s - a scroll of immolation
 u - 4 scrolls of teleportation
 A - a scroll of recharging
 F - 2 scrolls of enchant armour
 M - a scroll of fear {unknown}
 R - a scroll of holy word {unknown}
Potions
 c - a potion of curing
 g - a potion of ambrosia
 p - 3 potions of brilliance
 O - a potion of magic
Books
 d - a book of Flames

   Spells                             Type                      Level
   a - Flame Tongue                   Conjuration/Fire             1
   b - Throw Flame                    Conjuration/Fire             2
   c - Conjure Flame                  Conjuration/Fire             3
   d - Inner Flame                    Hexes/Fire                   3
   e - Sticky Flame                   Conjuration/Fire             4
   f - Fireball                       Conjuration/Fire             5
 k - a Necronomicon {highlevel, unknown}

   This book is beyond your current level of understanding.

   Spells                             Type                      Level
   a - Haunt                          Necromancy/Summoning         7
   b - Borgnjor's Revivification      Necromancy                   8
   c - Death's Door                   Charms/Necromancy            8
   d - Necromutation                  Transmutation/Necromancy     8
Comestibles
 f - a beef jerky
 w - 3 bread rations
 D - 7 fruits
 H - 10 royal jellies
 K - 2 meat rations


   Skills:
 + Level 7.9 Fighting
 - Level 10.4 Long Blades
 + Level 6.9 Armour
 - Level 0.8 Dodging


You had 8 spell levels left.
You didn't know any spells.

Dungeon Overview and Level Annotations

Branches:
Dungeon (9/15) Temple (0/1) D:5 D:6 Lair: D:8-11 Orc: D:9-12

Altars:
Ashenzari
Gozag
Nemelex Xobeh
Ru
Trog
Zin

Shops:
D:7 [   D:9 *

Annotations:
D:9 Pikel


Innate Abilities, Weirdness & Mutations

((You have a pair of large horns on your head.))
((You are mostly covered in iridescent scales (AC +6).))
Scrolls take you a little longer to read.
You possess an exceptional clarity of mind.
Your body is slowly deteriorating.
((You are covered in fur (AC +1).))
You are weak. (Str -2)


Message History

The fire bat bites your whip of flaming but does no damage.
You bite Pikel!
Pikel is severely wounded.
You nip at the slave.
The slave is moderately wounded.
The fire bat misses your whip of flaming.
Your whip of flaming hits the slave!!
Your whip of flaming burns the slave.
The slave dies!
Pikel zaps a wand.
The bolt of fire hits you! You resist.
* * * LOW HITPOINT WARNING * * *
The slave barely misses you.
You barely miss Pikel.
Pikel is severely wounded.
You closely miss the slave.
The slave is moderately wounded.
Pikel zaps a wand.
The bolt of fire hits you! You resist.
* * * LOW HITPOINT WARNING * * *
Your whip of flaming hits Pikel!
Your whip of flaming burns Pikel.
The slave hits you!
You die...

#......#
##......#
##.......#
##......[# #
#........###...
##$.##p.........
###. #(b.....###
....# ##Kp.#####
#..##.D.##
#......##
##....## ##.<##
#.## ##.# #..#
#..# #.##


You could see Pikel, 2 slaves, a fire bat and a friendly whip of flaming.

Vanquished Creatures
  2 shadows (D:6)
  A wyvern (D:8)
  2 hippogriffs (D:8)
  A wolf (D:8)
  Edmund (D:4)
  A black bear (D:8)
  A centaur (D:7)
  2 phantoms
  2 ice beasts
  A boggart (D:8)
  3 ogres
  3 sky beasts
  A giant frog (D:8)
  A giant frog (shapeshifter) (D:3)
  2 giant frog zombies (D:8)
  3 crimson imps
  A goliath beetle (D:6)
  2 orc priests
  A centaur skeleton (D:8)
  A hound (D:8)
  3 jellies (D:8)
  2 iguanas
  2 giant frog skeletons (D:6)
  9 orc wizards
  5 worker ants
  A hound skeleton (D:7)
  Terence (D:3)
  Robin (D:3)
  2 worker ant zombies
  6 adders
  A giant mite (D:6)
  A shadow imp (D:5)
  5 worms
  An adder zombie (D:6)
  2 adder skeletons
  A giant gecko (shapeshifter) (D:6)
  4 giant geckos
  5 oozes
  27 orcs
  A bat skeleton (D:4)
  19 hobgoblins
  15 kobolds
  3 quokkas
  8 bats
  9 giant cockroaches
  3 giant newts
  21 goblins
  8 jackals (D:2)
  A jackal zombie (D:8)
  A quokka skeleton (D:4)
  10 rats
210 creatures vanquished.

Vanquished Creatures (collateral kills)
  A troll (D:7)
  A slave (D:9)
  2 ogres (D:5)
  A goliath beetle (D:7)
  2 hounds
  2 orc wizards
  A worker ant (D:5)
  2 orc priests
  An iguana (D:5)
  A worker ant zombie (D:5)
  A giant gecko (D:5)
  An orc (D:5)
16 creatures vanquished.

Vanquished Creatures (others)
  A crimson imp (D:8)
  A rat zombie (D:1)
2 creatures vanquished.

Grand Total: 228 creatures vanquished

Notes
Turn   | Place    | Note
--------------------------------------------------------------
     0 | D:1      | McCoppin, the Demonspawn Chaos Knight, began the quest for the Orb.
     0 | D:1      | Reached XP level 1. HP: 18/18 MP: 1/1
   144 | D:1      | XOM: silly message
   341 | D:1      | XOM: harmless Summ miscast
   368 | D:1      | Gained mutation: You are partially covered in iridescent scales (AC +4). [demonic ancestry]
   368 | D:1      | Reached XP level 2. HP: 24/24 MP: 2/2
   672 | D:1      | XOM: divination: detect creatures
   810 | D:2      | XOM: silly message
  1055 | D:2      | Gained mutation: You have a pair of small horns on your head. [demonic ancestry]
  1055 | D:2      | Reached XP level 3. HP: 29/29 MP: 3/3
  1218 | D:2      | Reached skill level 4 in Long Blades
  1244 | D:2      | Reached skill level 10 in Long Blades
  1244 | D:2      | Gained mutation: You have a pair of horns on your head. [demonic ancestry]
  1244 | D:2      | Reached XP level 4. HP: 33/35 MP: 4/4
  1959 | D:3      | Noticed Terence
  1963 | D:3      | XOM: enchant monster (good)
  1983 | D:3      | XOM: god gift: potion of heal wounds
  1988 | D:3      | Killed Terence
  2136 | D:3      | Noticed Robin
  2143 | D:3      | Gained mutation: You are mostly covered in iridescent scales (AC +6). [demonic ancestry]
  2143 | D:3      | Reached XP level 5. HP: 41/41 MP: 5/5
  2151 | D:3      | Killed Robin
  2515 | D:3      | XOM: divination: detect items
  2519 | D:3      | Reached XP level 6. HP: 37/47 MP: 6/6
  2524 | D:3      | XOM: harmless Pois miscast
  2544 | D:3      | XOM: silly message
  2823 | D:4      | XOM: silly message
  2887 | D:4      | XOM: harmless Air miscast
  2917 | D:4      | XOM: scenery: 1 doors open, 1 doors close
  2975 | D:4      | Found a shattered altar of Ashenzari.
  2995 | D:4      | XOM: potion effect (curing)
  3146 | D:4      | Found a sparkling altar of Nemelex Xobeh.
  3221 | D:4      | Noticed Edmund
  3226 | D:4      | XOM: divination: detect items
  3239 | D:4      | XOM: silly message
  3250 | D:4      | Killed Edmund
  3250 | D:4      | Gained mutation: You have a pair of large horns on your head. [demonic ancestry]
  3250 | D:4      | Reached XP level 7. HP: 31/55 MP: 7/7
  3411 | D:4      | XOM: potion effect (might)
  3458 | D:4      | XOM: noise
  3636 | D:5      | Entered Level 5 of the Dungeon
  4053 | D:5      | XOM: harmless Conj miscast
  4140 | D:5      | Reached skill level 5 in Fighting
  4197 | D:5      | XOM: god gift: scroll labeled THRUKH LEGI
  4250 | D:5      | Found a staircase to the Ecumenical Temple.
  4354 | D:5      | Found a bloodstained altar of Trog.
  4477 | D:5      | XOM: god gift: shortbow {god gift}
  4483 | D:5      | Reached XP level 8. HP: 62/62 MP: 8/8
  4488 | D:5      | XOM: give mutations
  4488 | D:5      | Gained mutation: You evolve. [Xom's grace]
  4488 | D:5      | Gained mutation: You possess an exceptional clarity of mind. [Xom's grace]
  4558 | D:5      | Gained mutation: You are covered in fur (AC +1). [mutagenic meat]
  4559 | D:5      | Lost mutation: You possess an exceptional clarity of mind. [mutagenic meat]
  4569 | D:5      | Lost mutation: You evolve. [potion of cure mutation]
  4914 | D:6      | XOM: give mutations
  4914 | D:6      | Gained mutation: Your spells are a little harder to cast, but a little more powerful. [Xom's grace]
  4914 | D:6      | Gained mutation: You are covered in thick fur (AC +2). [Xom's grace]
  4914 | D:6      | Gained mutation: You possess an exceptional clarity of mind. [Xom's grace]
  4918 | D:6      | XOM: scenery: 1 doors close
  5101 | D:6      | XOM: 5-stop teleportation journey
  5130 | D:6      | XOM: enchant monster (good)
  5131 | D:6      | XOM: enchant monster (good)
  5144 | D:6      | Found a sacrificial altar of Ru.
  5462 | D:6      | XOM: summons 2 hostile shadow creatures
  5500 | D:6      | Reached skill level 5 in Armour
  5537 | D:6      | XOM: polymorph kobold -> orc
  5546 | D:6      | XOM: vitrification
  5558 | D:6      | Found a staircase to the Ecumenical Temple.
  5623 | D:6      | XOM: medium Necr miscast
  5706 | D:6      | XOM: enchant monster (bad)
  5769 | D:7      | XOM: stealth player
  5928 | D:7      | XOM: harmless Ice miscast
  5981 | D:7      | Noticed a troll
  5985 | D:7      | Killed a troll
  6017 | D:7      | Found Kodihi's Antique Armour Shoppe.
  6022 | D:7      | Bought an ichor-stained scale mail for 261 gold pieces
  6032 | D:7      | Identified the +6 scale mail of Fashionability {Dex+4} (You bought it in a shop on level 7 of the Dungeon)
  6191 | D:7      | Found an opulent altar of Gozag.
  6191 | D:7      | Found a glowing silver altar of Zin.
  6196 | D:7      | XOM: cast spell 'Confusing Touch'
  6311 | D:8      | Reached XP level 9. HP: 69/72 MP: 9/9
  6359 | D:8      | XOM: fog
  6401 | D:8      | XOM: confuse monster(s)
  6419 | D:8      | XOM: give mutations
  6419 | D:8      | Lost mutation: You are covered in thick fur (AC +2). [Xom's mischief]
  6419 | D:8      | Gained mutation: You are weak. (Str -2) [Xom's mischief]
  6419 | D:8      | Gained mutation: Scrolls take you a little longer to read. [Xom's mischief]
  6564 | D:8      | XOM: summons 4 hostile shadow creatures
  6626 | D:8      | XOM: give mutations
  6626 | D:8      | Lost mutation: Your spells are a little harder to cast, but a little more powerful. [Xom's mischief]
  6626 | D:8      | Gained mutation: Your body is slowly deteriorating. [Xom's mischief]
  6645 | D:8      | XOM: divination: detect items
  6770 | D:8      | XOM: summons 9 friendly demons
  6932 | D:8      | XOM: confuse monster(s)
  7127 | D:9      | Found Saefiabo's Assorted Antiques.
  7134 | D:9      | Bought a granite ring for 175 gold pieces
  7308 | D:9      | XOM: enchant monster (good)
  7328 | D:9      | Noticed Pikel
  7332 | D:9      | XOM: polymorph slave -> fire bat
  7334 | D:9      | XOM: cast spell 'Hydra Form'
  7348 | D:9      | HP: 4/96 [Pikel/wand of fire (9)]
  7348 | D:9      | Slain by a slave

Action                   |  1- 3 |  4- 6 |  7- 9 || total
-------------------------+-------+-------+-------++-------
Melee: Falchion          |   108 |   251 |   425 ||   784
       Unarmed           |       |       |     9 ||     9
  Use: Potion            |     4 |     4 |     5 ||    13
       Scroll            |       |       |    10 ||    10
 Stab: Paralysed         |     3 |     2 |     7 ||    12
       Petrified         |       |     1 |       ||     1
       Petrifying        |       |       |     5 ||     5
       Confused          |       |       |     7 ||     7
  Eat: Chunk             |     1 |     2 |     7 ||    10
       Bread ration      |       |     1 |       ||     1
       Beef jerky        |       |       |     2 ||     2
       Meat ration       |       |       |     1 ||     1
       Royal jelly       |       |       |     1 ||     1
